AoeStats
← Ben Gurgen Hoffe

MegaRandom

509006476Analyzed
4v4 RM · 8d ago on Sep 25, 2026· 37m 47s· 8 players
Game mode
Random Map
Map size
Large (8 player)
Population
200
Speed
Normal
Resources
Standard
Victory
Conquest
Starting age
Dark Age
Ending age
Imperial Age
RankedLock teamsTeams togetherTeam positionsShared explorationLock speedFull tech treeHidden civsTurbo modeCheats
Victory
Defeat
🇹🇼 Celts · Taiwan
1012
+12
🇹🇼 Franks · Taiwan
1001
+30
🇵🇪 Byzantines · Peru
997
+13
🇨🇳 Poles · China
959
+15
🇺🇸 Varangians · United States
931
-13
🇺🇸 Saxons · United States
922
-13
🇺🇸 Persians · United States
919
-13
🇦🇷 Vikings · Argentina
917
-13
火耗龜公
9:41 Loom
11:27 Feudal Age
15:59 Castle Age
13:52 Horse Collar
15:58 Town Watch
16:09 Double-Bit Axe
16:36 Town Watch
18:39 Wheelbarrow
19:38 Bow Saw
22:04 Heavy Plow
24:27 Pikeman
25:44 Masonry
25:53 Scale Mail Armor
27:59 Forging
31:12 Chain Mail Armor
Dylan-23
11:09 Feudal Age
12:02 Loom
16:14 Castle Age
14:22 Horse Collar
14:50 Double-Bit Axe
21:33 Forging
21:23 Scale Mail Armor
21:55 Arson
25:16 Gold Mining
25:17 Stone Mining
29:27 Elite Skirmisher
31:08 Fletching
31:18 Padded Archer Armor
32:01 Bodkin Arrow
34:46 Imperial Age
33:17 Ballistics
34:28 Leather Archer Armor
35:50 Bracer
36:20 Ring Archer Armor
38:39 Wheelbarrow
38:23 Bow Saw
大杯冰拿鐵達尼號
5:10 Loom
11:15 Feudal Age
12:22 Double-Bit Axe
13:49 Wheelbarrow
16:28 Forging
18:55 Castle Age
17:14 Town Watch
20:26 Husbandry
20:42 Forging
21:26 Gold Mining
21:26 Stone Mining
22:27 Bow Saw
24:18 Treadmill Crane
25:34 Hand Cart
32:29 Imperial Age
30:09 Scale Barding Armor
29:50 Ordonnance Companies
31:44 Chain Barding Armor
31:39 Masonry
34:23 Chemistry
33:31 Siege Engineers
34:48 Cavalier
kddk
1:30 Loom
9:02 Feudal Age
9:32 Double-Bit Axe
9:40 Stone Mining
9:37 Horse Collar
18:11 Castle Age
19:53 Wheelbarrow
19:34 Bow Saw
21:25 Szlachta Privileges
22:37 Husbandry
22:48 Bloodlines
24:02 Forging
26:15 Iron Casting
25:46 Scale Barding Armor
26:28 Heavy Plow
28:24 Chain Barding Armor
29:01 Gold Mining
32:01 Hand Cart
38:19 Imperial Age
37:29 Light Cavalry
Ben Gurgen Hoffe
12:21 Feudal Age
10:55 Loom
14:14 Horse Collar
14:22 Double-Bit Axe
18:14 Castle Age
19:38 Town Watch
25:06 Husbandry
25:31 Heavy Plow
29:18 Wheelbarrow
32:10 Bloodlines
Snoopy
9:20 Loom
13:57 Feudal Age
16:25 Wheelbarrow
17:32 Scale Barding Armor
17:10 Horse Collar
19:48 Double-Bit Axe
20:10 Gold Mining
21:06 Bloodlines
21:31 Arson
29:35 Castle Age
29:46 Forging
29:37 Pikeman
UrethraFranklin
2:41 Loom
12:29 Feudal Age
14:13 Double-Bit Axe
18:13 Castle Age
19:04 Bow Saw
19:48 Man-at-Arms
24:12 Crossbowman
29:21 Fletching
29:31 Padded Archer Armor
30:38 Husbandry
31:20 Stone Mining
32:37 Wheelbarrow
FernetRush
8:19 Loom
10:38 Feudal Age
11:14 Double-Bit Axe
11:13 Horse Collar
20:00 Castle Age
20:38 Crossbowman
21:15 Gold Mining
24:50 Fletching
25:01 Padded Archer Armor
26:40 Bodkin Arrow
27:01 Leather Archer Armor
29:00 Bow Saw
30:02 Heavy Plow
30:22 Stone Mining
37:23 Imperial Age
Connection lost

Rejoining the realm…

Still unreachable

The connection could not be restored.

Session expired

The server has moved on; the page needs a fresh start.